 Dungeon Crawl Stone Soup version 0.30-a0-377-g5cb311bc9f (webtiles) character file.

Game seed: 9669213665638034883

126 Bnni the Shield-Bearer (level 5, 0/42 HPs)
             Began as a Formicid Fighter on Nov 29, 2022.
             Slain by a scorpion (2 damage)
             ... on level 3 of the Dungeon.
             The game lasted 00:02:22 (1475 turns).

Bnni the Shield-Bearer (Formicid Fighter)           Turns: 1475, Time: 00:02:24

Health: 0/42       AC:  6    Str: 22    XL:     5   Next: 32%
Magic:  0/5        EV:  9    Int:  6    God:
Gold:   108        SH:  5    Dex: 13    Spells: 4/4 levels left

rFire   . . .      SeeInvis +    a - +0 trident
rCold   . . .      Faith    .    c - +0 buckler
rNeg    . . .      Spirit   +    b - +0 scale mail
rPois   .          Reflect  .    (helmet unavailable)
rElec   .          Harm     .    (no cloak)
rCorr   .          Rampage  .    (no gloves)
Will    .....                    (no boots)
Stlth   ..........               m - amulet of guardian spirit
HPRegen 0.27/turn                (no ring)
MPRegen 0.09/turn                (no ring)

@: lethally poisoned (0 -> -7)
A: permanent stasis, dig shafts and tunnels, antennae 3, four strong arms,
talons 1, dopey 1, no potion heal 1
a: Dig, Shaft Self


You were on level 3 of the Dungeon.
You visited 1 branch of the dungeon, and saw 3 of its levels.

You collected 108 gold pieces.

Inventory:

Hand Weapons
 a - a +0 trident (weapon)
 q - a +0 halberd
Missiles
 p - a throwing net
Armour
 b - a +0 scale mail (worn)
 c - a +0 buckler (worn)
Jewellery
 m - an amulet of guardian spirit (around neck)
Scrolls
 f - a scroll of summoning {unknown}
 j - 2 scrolls of teleportation {unknown}
 k - a scroll of butterflies {unknown}
 n - 2 scrolls of identify {unknown}
 o - a scroll of vulnerability {unknown}
Potions
 d - a potion of might
 e - a potion of mutation
 g - a potion of flight {unknown}
 h - a potion of haste {unknown}
 i - 2 potions of curing {unknown}
 l - a potion of ambrosia {unknown}


   Skills:
 + Level 4.2 Fighting
 * Level 3.9 Polearms
 - Level 3.2 Armour
 - Level 5.0 Shields


You had 4 spell levels left.
You didn't know any spells.
Your spell library was empty.

Dungeon Overview and Level Annotations

Branches:
Dungeon (3/15)

Altars:
Nemelex Xobeh


Innate Abilities, Weirdness & Mutations

You cannot be hasted, slowed, berserked, paralysed or teleported.
You can dig through walls and to a lower floor.
You have a pair of large antennae on your head. (SInv)
Your four strong arms can wield two-handed weapons with a shield.
You have sharp toenails.
You are dopey. (Int -2)
Potions are less effective at restoring your health.


Message History

You closely miss the scorpion. You block the scorpion's attack.
You barely miss the scorpion. You block the scorpion's attack.
The scorpion barely misses you.
You closely miss the scorpion. The scorpion closely misses you.
You hit the scorpion but do no damage. The scorpion stings you.
You closely miss the scorpion. The scorpion barely misses you.
The scorpion stings you.
You are poisoned.
The scorpion poisons you!
You puncture the scorpion!
The scorpion is heavily wounded.
You feel sick. The scorpion stings you.
You are too injured to fight recklessly!
You are too injured to fight recklessly!
You are too injured to fight recklessly!
You are too injured to fight recklessly!
You hit the scorpion.
The scorpion is severely wounded.
You feel sick. The scorpion stings you.
You are lethally poisoned!
The scorpion poisons you!
You hit the scorpion.
The scorpion is almost dead.
* * * LOW HITPOINT WARNING * * *
You feel very sick. The scorpion closely misses you. The scorpion stings you.
* * * LOW HITPOINT WARNING * * *
You barely miss the scorpion.
The scorpion is almost dead.
* * * LOW HITPOINT WARNING * * *
You feel very sick. The scorpion closely misses you.
Unknown command.
It was a potion of mutation.
You feel extremely strange.
You feel stupid.
Your system partially rejects the healing effects of potions.
Your toenails lengthen and sharpen.
* * * LOW HITPOINT WARNING * * *
You feel sick. The scorpion stings you.
You die...

#......#.# #.#
#....
.####.....#.#...#
#....
..........(.#.###
#....
######[)####.#
#..## ..........#
.# #.##
#########..# .#
.. ...........##
.#
.......)##..##.#
...........os@.#
........###)####
.............#
##########.#.#
#.....{# #...>..#
#......# #.{.w..#
#......#


You could see a scorpion and an orc.

Vanquished Creatures
  An adder (D:3)
  4 gnolls (D:3)
  A worm (D:2)
  3 dart slugs
  4 orcs (D:3)
  8 bats
  5 endoplasms
  2 giant cockroaches
  6 goblins
  A hobgoblin (D:2)
  11 jackals (D:1)
  3 quokkas
  5 ball pythons
  3 frilled lizards
  A kobold (D:3)
  A rat (D:1)
59 creatures vanquished.

Notes
Turn   | Place    | Note
-------+----------+-------------------------------------------
     0 | D:1      | Bnni the Formicid Fighter began the quest for the Orb.
     0 | D:1      | Reached XP level 1. HP: 18/18 MP: 1/1
    45 | D:1      | Reached XP level 2. HP: 11/24 MP: 2/2
   209 | D:1      | Reached XP level 3. HP: 29/29 MP: 3/3
   961 | D:2      | Reached skill level 5 in Shields
   961 | D:2      | Reached XP level 4. HP: 37/37 MP: 4/4
  1032 | D:2      | Found a sparkling altar of Nemelex Xobeh.
  1271 | D:3      | Reached XP level 5. HP: 27/42 MP: 2/5
  1475 | D:3      | Gained mutation: You are dopey. (Int -2) [potion of
                  | mutation]
  1475 | D:3      | Gained mutation: Potions are less effective at restoring
                  | your health. [potion of mutation]
  1475 | D:3      | Gained mutation: You have sharp toenails. [potion of
                  | mutation]
  1475 | D:3      | HP: 2/42 [poisoned by a scorpion]
  1475 | D:3      | Slain by a scorpion

Illustrated notes

Levels and vault maps discovered:
D:1:      lightli_molten_gateway, layout_basic
D:2:      layout_rooms, basic_altar
D:3:      layout_basic, uniq_robin

Skill      XL: |  1  2  3  4 |
---------------+-------------+-----
Shields        | 5 |  5.0
Polearms       | 3 |  3.9
Fighting       | 4 |  4.2
Armour         | |  3.2

Action                   |  1- 3 |  4- 6 || total
-------------------------+-------+-------++-------
Melee: Trident           |   126 |    63 ||   189
  Use: Potion            |       |     1 ||     1
Armor: Scale mail        |    64 |    15 ||    79
Dodge: Dodged            |    77 |    18 ||    95
Block: Buckler           |    46 |     7 ||    53

Table legend: (Time is in decaauts)
 A = Elapsed time spent in this place.
 B = Non-inter-level travel time spent in this place.
 C = Inter-level travel time spent in this place.
 D = Time resting spent in this place.
 E = Time spent auto-exploring this place.
 F = Levels seen in this place.
 G = Mean time per level.
                   A        B        C        D        E       F      G
               +--------+--------+--------+--------+--------+-----+--------+
         Total |   1510 |   1457 |     53 |     33 |   1035 |   3 |  503.3 |
       Dungeon |   1510 |   1457 |     53 |     33 |   1035 |   3 |  503.3 |
               +--------+--------+--------+--------+--------+-----+--------+

Top non-repeatable levels by time:
     D:1: 823 daAuts
     D:2: 375 daAuts
     D:3: 311 daAuts
